 Dungeon Crawl Stone Soup version 0.28-a0-563-gf77a47075d (webtiles) character file.

Game seed: 13815274317605323573

592 BR41ND34D the Magician (level 7, -5/52 HPs)
             Began as a Djinni Conjurer on Sept 29, 2021.
             Slain by Pikel (15 damage)
             ... on level 5 of the Dungeon.
             The game lasted 00:25:53 (5492 turns).

BR41ND34D the Magician (Djinni Conjurer)            Turns: 5492, Time: 00:25:55

Health: -5/52      AC:  4    Str:  6    XL:     7   Next: 66%
Gold:   225        EV: 13    Int: 22    God:
                   SH:  0    Dex: 11

rFire   + + +      SeeInvis .   b - +0 short sword (drain)
rCold   x . .      Faith    .   (no shield)
rNeg    . . .      Spirit   .   a - +0 robe
rPois   ∞          Reflect  .   (no helmet)
rElec   .          Harm     .   (no cloak)
rCorr   .          Rampage  .   k - +1 pair of gloves
Will    .....                   (boots unavailable)
Stlth   ++........              (no amulet)
HPRegen 0.17/turn               f - ring of protection from fire
MPRegen 0.00/turn               (no ring)

@: flying
A: sickness immunity, fire resistance 2, cold vulnerability 1, float, innate
caster, hp casting, extra vitality 1
a: no special abilities


You were on level 5 of the Dungeon.
You visited 2 branches of the dungeon, and saw 6 of its levels.

You collected 225 gold pieces.

Inventory:

Hand Weapons
 b - a +0 short sword of draining (weapon)
 r - a +2 antimagic short sword
Missiles
 e - 11 poisoned darts (quivered)
 l - 6 javelins
 n - 6 boomerangs
Armour
 a - a +0 robe (worn)
 k - a +1 pair of gloves (worn)
 s - a +0 buckler
Jewellery
 f - a ring of protection from fire (left hand)
Scrolls
 c - a scroll of amnesia {unknown}
 g - a scroll of immolation
 h - a scroll of teleportation
 i - a scroll of magic mapping {unknown}
 j - a scroll of vulnerability
 m - a scroll of identify
Potions
 d - 2 potions of attraction
 o - 2 potions of curing {unknown}
 p - 2 potions of degeneration {unknown}
 q - a potion of mutation {unknown}
 t - a potion of ambrosia {unknown}


   Skills:
 * Level 4.2 Fighting
 + Level 3.9 Dodging
 + Level 3.1 Stealth
 * Level 4.7 Spellcasting


You couldn't memorise any spells.
You knew the following spells:

 Your Spells              Type           Power      Damage    Failure   Level
a - Magic Dart            Conj           100%       1d8       1%          1
b - Searing Ray           Conj           52%        2d6       2%          2
c - Dazzling Flash        Conj/Hex       52%        N/A       4%          3
d - Fulminant Prism       Conj/Hex       13%        3d9       14%         4
e - Iskenderun's Mystic   Conj/Tloc      26%        2d7       14%         4
f - Animate Skeleton      Necr           52%        N/A       1%          1
g - Call Imp              Summ           26%        N/A       2%          2
h - Swiftness             Air            26%        N/A       4%          3
Your spell library was empty.

Dungeon Overview and Level Annotations

Branches:
Dungeon (5/15)             Temple (1/1) D:5

Altars:
Ashenzari
Cheibriados
Dithmenos
Kikubaaqudgha
Nemelex Xobeh
Qazlal
Sif Muna
Trog
Uskayaw
Vehumet
Wu Jian
Xom
The Shining One

Shops:
D:3 *

Annotations:
D:5 Pikel


Innate Abilities, Weirdness & Mutations

You are immune to sickness and miasma.
You are immune to poison.
Your flesh is very heat resistant. (rF++)
You are vulnerable to cold. (rC-)
You float through the air rather than walking.
You learn spells naturally, not from books.
Your magical power is your life essence.
You have superior vitality. (+4 HP)


Message History

Pikel is severely wounded.
The searing ray hits the lemure!
You kill the lemure!
That felt strangely unrewarding.
The searing ray hits the lemure!
You kill the lemure!
That felt strangely unrewarding. (Press . to maintain the ray.) Pikel closely misses you.
The searing ray hits Pikel.
Pikel is almost dead.
The searing ray hits the lemure.
The lemure is lightly wounded.
Pikel barely misses you.
The searing ray misses Pikel.
The searing ray hits the lemure but does no damage.
The lemure is lightly wounded.
* * * LOW HITPOINT WARNING * * *
Pikel closely misses you.
The searing ray hits Pikel but does no damage.
Pikel is almost dead.
The searing ray hits the lemure.
The lemure is moderately wounded.
* * * LOW HITPOINT WARNING * * *
You finish channelling your searing ray.
Pikel completely misses you.
Casting: Searing Ray (safe; 2% risk of failure)
Confirm with . or Enter, or press ? or * to list all spells.
Aiming: Searing Ray (safe; 2% risk of failure)
Press: ? - help, Shift-Dir - straight line, f/p - Pikel
Aim: Pikel, wielding a +0 whip of electrocution and wearing a +0 robe (almost dead, 74% to hit)
The searing ray hits Pikel.
Pikel is almost dead.
The searing ray hits the lemure.
The lemure is heavily wounded. (Press . to maintain the ray.)
* * * LOW HITPOINT WARNING * * *
Pikel hits you with a +0 whip of electrocution.
* * * LOW HITPOINT WARNING * * *
You are electrocuted!
You die...

.......$# ........#
#.# ........# #.#
........# #.#
........# #.#
........# #.#
........# #.#
........###.#
.......5K@..#
.......5##.##
.......###.#########
....................
.......####.########
.......####..######
########...........
##....#.........
##..#.###........


You could see Pikel and 2 lemures.

Vanquished Creatures
  A black bear (D:4)
  2 lemures (D:5)
  2 scorpions (D:4)
  2 orc priests (D:3)
  4 orc wizards (D:4)
  2 iguanas
  5 adders
  5 dart slugs
  11 orcs
  2 ball pythons
  7 bats
  8 endoplasms
  3 giant cockroaches
  10 goblins
  9 hobgoblins
  2 jackals (D:1)
  6 quokkas
  11 frilled lizards
  10 kobolds
  7 rats
109 creatures vanquished.

Vanquished Creatures (collateral kills)
  A dart slug (D:4)
  An orc (D:3)
  4 frilled lizards (D:3)
6 creatures vanquished.

Vanquished Creatures (others)
  A fulminant prism (D:4)
  16 plants
  15 withered plants (D:2)
32 creatures vanquished.

Grand Total: 147 creatures vanquished

Notes
Turn   | Place    | Note
-------+----------+-------------------------------------------
     0 | D:1      | BR41ND34D the Djinni Conjurer began the quest for the Orb.
     0 | D:1      | Reached XP level 1. HP: 15/15 MP: 0/0
   201 | D:1      | Reached XP level 2. HP: 6/22 MP: 0/0
   612 | D:1      | Reached skill level 1 in Fighting
   653 | D:1      | Reached XP level 3. HP: 22/27 MP: 0/0
   653 | D:1      | Learned a level 1 spell: Animate Skeleton
  1452 | D:2      | Reached XP level 4. HP: 27/32 MP: 0/0
  2081 | D:2      | Found a faded altar of an unknown god.
  2615 | D:3      | Found a hide-covered altar of Uskayaw.
  2615 | D:3      | Noticed a +0 dagger
  2615 | D:3      | Noticed a +0 hand axe
  2642 | D:3      | Found a sparkling altar of Nemelex Xobeh.
  2826 | D:3      | Reached XP level 5. HP: 33/39 MP: 0/0
  2826 | D:3      | Learned a level 2 spell: Call Imp
  3321 | D:3      | Found Hoetroeh's Assorted Antiques.
  3810 | D:4      | Reached XP level 6. HP: 14/45 MP: 0/0
  4037 | D:4      | Noticed a black bear
  4041 | D:4      | Killed a black bear
  4167 | D:4      | Reached XP level 7. HP: 33/50 MP: 0/0
  4167 | D:4      | Learned a level 3 spell: Swiftness
  5020 | D:5      | Entered Level 5 of the Dungeon
  5215 | D:5      | Found a staircase to the Ecumenical Temple.
  5224 | Temple   | Entered the Ecumenical Temple
  5473 | D:5      | Noticed Pikel
  5492 | D:5      | Slain by Pikel

Illustrated notes

Levels and vault maps discovered:
D:1:      dpeg_arrival_tiny_b, layout_basic
D:2:      layout_loops_ring, shapermc_ecumenical_altar_flowoftime,
          kennysheep_cluttered_room, minmay_misc_feat_iff, minmay_joined_circles
D:3:      layout_rooms, dancing_weapons_uskayaw, nicolae_overflow_crystal_walls,
          serial_shops, nicolae_shop_crystal, hex_tiny, minmay_lizard_king
D:4:      layout_cave_pools, minivault_14, minmay_a_box_with_orc_wizards_in_it
D:5:      layout_basic, minmay_temple_entry_wispy, minmay_strange_pillars,
          uniq_pikel
Temple:   minmay_temple_curvy_loop

Skill      XL: |  1  2  3  4  5  6  7 |
---------------+----------------------+-----
Fighting       | 1 2 3 4 |  4.2
Stealth        | 2 3 |  3.1
Dodging        | 3 |  3.9
Spellcasting   | 4 |  4.7

Action                   |  1- 3 |  4- 6 |  7- 9 || total
-------------------------+-------+-------+-------++-------
Melee: Dagger            |       |    39 |       ||    39
       Short sword       |       |    13 |     5 ||    18
Throw: Dart              |       |     6 |       ||     6
 Cast: Magic Dart        |    50 |    62 |    27 ||   139
       Searing Ray       |     7 |    20 |     9 ||    36
       Animate Skeleton  |       |     5 |     1 ||     6
       Call Imp          |       |     6 |     1 ||     7
       Fulminant Prism   |       |       |     1 ||     1
  Use: Scroll            |       |     2 |     2 ||     4
 Stab: Sleeping          |       |     1 |     2 ||     3
Armor: Robe              |     2 |     8 |     2 ||    12
Dodge: Dodged            |     6 |    22 |    10 ||    38

Table legend: (Time is in decaauts)
 A = Elapsed time spent in this place.
 B = Non-inter-level travel time spent in this place.
 C = Inter-level travel time spent in this place.
 D = Time resting spent in this place.
 E = Time spent auto-exploring this place.
 F = Levels seen in this place.
 G = Mean time per level.
                   A        B        C        D        E       F      G
               +--------+--------+--------+--------+--------+-----+--------+
         Total |   5491 |   5392 |     99 |   1713 |   2853 |   6 |  915.2 |
       Dungeon |   5279 |   5203 |     76 |   1713 |   2668 |   5 | 1055.8 |
        Temple |    211 |    188 |     23 |      0 |    185 |   1 |  211.0 |
               +--------+--------+--------+--------+--------+-----+--------+

Top non-repeatable levels by time:
     D:2: 1364 daAuts
     D:4: 1249 daAuts
     D:1: 1244 daAuts
     D:3: 1161 daAuts
     D:5: 260 daAuts
  Temple: 211 daAuts
